AoeStats
← CL | PainFelipeJupyCastigador

Arabia

504686003Analyzed
1v1 RM · 26d ago on Sep 6, 2026· 19m 23s· 2 players
Game mode
Random Map
Map size
Tiny (2 player)
Population
200
Speed
Normal
Resources
Standard
Victory
Conquest
Starting age
Dark Age
Ending age
Imperial Age
RankedLock teamsTeams togetherTeam positionsShared explorationLock speedFull tech treeHidden civsTurbo modeCheats
Victory
Defeat
🇭🇰 Saracens · Hong Kong SAR China
1994
+17
2006
-17
已严肃退出多人局
5:14 Loom
9:09 Feudal Age
13:01 Fletching
14:51 Padded Archer Armor
CL | PainFelipeJupyCastigador
0:27 Loom
11:04 Feudal Age
11:54 Town Watch
11:58 Double-Bit Axe
17:36 Fletching
Connection lost

Rejoining the realm…

Still unreachable

The connection could not be restored.

Session expired

The server has moved on; the page needs a fresh start.